 Dungeon Crawl Stone Soup version 0.22-a0-367-gb72a975 (webtiles) character file.

588570 zxcv the Spry (level 27, -12/193 HPs)
             Began as a Gnoll Wanderer on Apr 20, 2018.
             Was the Champion of Hepliaklqana.
             Mangled by an Orb Guardian (43 damage)
             ... on level 5 of the Realm of Zot on Apr 22, 2018.
             The game lasted 06:31:04 (52991 turns).

zxcv the Spry (Gnoll Wanderer)                     Turns: 52991, Time: 06:31:04

Health: -12/193    AC: 24    Str: 21 (23) XL:     27
Magic:  0/52       EV: 20    Int: 28      God:    Hepliaklqana [******]
Gold:   6530       SH: 16    Dex: 10      Spells: 0/59 levels left

rFire    + . .     SeeInvis +   a - +7 demon trident (freeze)
rCold    + + +     Gourm    .   C - +2 shield {rPois}
rNeg     + . .     Faith    .   W - +3 chain mail of the Frog {rN+ Regen+ Str-2}
rPois    +         Spirit   +   (helmet restricted)
rElec    +         Reflect  .   n - +1 cloak of Starlight {rElec rC+ EV+4 Stlth--}
rCorr    .         Harm     .   g - +0 pair of gloves of Words of Power {Int+7} (curse)
MR       ++...                  S - +1 pair of boots {Stlth+}
Stlth    ++........             Y - amulet of guardian spirit
HPRegen  0.82/turn              r - ring of see invisible
MPRegen  0.33/turn              E - ring of Okawaru's Reproof {rF+ rC++ MP+9 Str+2 Dex-5}

@: studying Dodging, drained
A: distributed training, reduced essence, fangs 1, hooves 1, horns 1,
deterioration 2, strong 1, strong nose
}: 3/15 runes: barnacled, slimy, gossamer
a: Recall Ancestor, Ancestor Identity, Transference, Idealise, Renounce Religion


You were on level 5 of the Realm of Zot.
You worshipped Hepliaklqana.
Hepliaklqana was exalted by your worship.
You were not hungry.

You visited 10 branches of the dungeon, and saw 53 of its levels.
You also visited: Labyrinth, Wizlab and Desolation.

You collected 7710 gold pieces.
You spent 1180 gold pieces at shops.

Inventory:

Hand Weapons
 a - a +7 demon trident of freezing (weapon)
 c - the +3 morningstar of the Endless Mice {pain, SInv}
   (You took it off a tengu reaver on level 3 of the Depths)

   In the hands of one skilled in necromantic magic, it inflicts extra damage on
   living creatures.
   It lets you see invisible.
 L - the +10 zealot's sword {holy, *Rage rN+ EV+3}
   (You found it on level 4 of the Vaults)

   It has been blessed by the Shining One to cause great damage to the undead
   and demons.
   It affects your evasion (+3).
   It protects you from negative energy.
   It may make you go berserk in combat.
Missiles
 w - 9 throwing nets
 M - 74 tomahawks (quivered)
Armour
 g - the cursed +0 pair of gloves of Words of Power (worn) {Int+7}
   (You found it on level 1 of the Depths)

   It affects your intelligence (+7).
   It has a curse placed upon it.
 n - the +1 cloak of Starlight (worn) {rElec rC+ EV+4 Stlth--}
   (You found it in a wizard's laboratory)

   It affects your evasion (+4).
   It protects you from cold.
   It insulates you from electricity.
   It makes you much less stealthy.
 o - the +2 cloak of the Moon Troll {Str+3 Int+2 Slay+2}
   (You found it in a wizard's laboratory)

   It affects your strength (+3).
   It affects your intelligence (+2).
   It affects your accuracy and damage with ranged weapons and melee attacks
   (+2).
 C - a +2 shield of poison resistance (worn)
 S - a +1 pair of boots of stealth (worn)
 W - the +3 chain mail of the Frog (worn) {rN+ Regen+ Str-2}
   (You bought it in a shop on level 1 of the Orcish Mines)

   It affects your strength (-2).
   It protects you from negative energy.
   It increases your rate of regeneration.
Magical Staves
 b - an uncursed staff of wizardry
Jewellery
 e - the ring of Past Mistakes {rF+ rC+++ rN+ Str-3 Dex+3 Stlth+}
   (You found it in the Desolation of Salt)

   [ring of positive energy]

   It affects your strength (-3).
   It affects your dexterity (+3).
   It protects you from fire.
   It renders you almost immune to cold.
   It protects you from negative energy.
   It makes you more stealthy.
 l - the ring of Bicw {rElec rPois MR++ Stlth-}
   (You took it off a deep elf elementalist on level 3 of the Elven Halls)

   [ring of poison resistance]

   It insulates you from electricity.
   It protects you from poison.
   It affects your resistance to hostile enchantments.
   It makes you less stealthy.
 r - a ring of see invisible (left hand)
 E - the ring of Okawaru's Reproof (right hand) {rF+ rC++ MP+9 Str+2 Dex-5}
   (You bought it in a shop on level 2 of the Orcish Mines)

   [ring of strength]

   It affects your strength (+2).
   It affects your dexterity (-5).
   It protects you from fire.
   It greatly protects you from cold.
   It affects your magic capacity (+9).
 K - the ring of Hoitof {rElec rF+ rN+ AC-4 Str+4}
   (You found it on level 4 of the Shoals)

   [ring of protection]

   It affects your AC (-4).
   It affects your strength (+4).
   It protects you from fire.
   It insulates you from electricity.
   It protects you from negative energy.
 T - an uncursed ring of resist corrosion
 Y - an amulet of guardian spirit (around neck)
Wands
 d - a wand of iceblast (44)
 f - a wand of acid (7)
 i - a wand of disintegration (17)
 s - a wand of enslavement (13)
 x - a wand of paralysis (53)
 U - a wand of digging (62)
Scrolls
 j - 2 scrolls of identify
 t - 9 scrolls of remove curse
 u - 7 scrolls of immolation
 v - 3 scrolls of magic mapping
 B - 15 scrolls of teleportation
 D - 7 scrolls of blinking
 I - 9 scrolls of fog
 P - 7 scrolls of fear
Potions
 p - 4 potions of brilliance
 q - 7 potions of haste
 z - 8 potions of might
 F - 3 potions of agility
 G - 5 potions of ambrosia
 J - a potion of magic
 O - 16 potions of curing
 Q - a potion of mutation
 R - 3 potions of cancellation
 X - 7 potions of heal wounds
Books
 V - a manual of Dodging
Miscellaneous
 k - a lightning rod (4/4)
 m - 2 boxes of beasts
 y - 8 phantom mirrors
 A - a lightning rod (4/4)
 H - a sack of spiders
 N - a fan of gales
 Z - a lamp of fire
Comestibles
 h - 57 rations


   Skills:
 + Level 17.3(17.1) Fighting
 + Level 16.9(16.7) Short Blades
 + Level 16.9(16.7) Long Blades
 + Level 17.3(17.1) Axes
 + Level 16.9(16.7) Maces & Flails
 + Level 17.3(17.1) Polearms
 + Level 16.9(16.7) Staves
 + Level 16.9(16.7) Slings
 + Level 16.9(16.7) Bows
 + Level 16.9(16.7) Crossbows
 + Level 17.0(16.8) Throwing
 + Level 17.0(16.8) Armour
 + Level 18.6(18.4) Dodging
 + Level 17.2(17.1) Stealth
 + Level 16.9(16.7) Shields
 + Level 16.9(16.7) Unarmed Combat
 + Level 16.9(16.7) Spellcasting
 + Level 14.5(14.3) Conjurations
 + Level 14.5(14.3) Hexes
 + Level 14.5(14.3) Charms
 + Level 14.5(14.3) Summonings
 + Level 14.5(14.3) Necromancy
 + Level 14.5(14.3) Translocations
 + Level 14.5(14.3) Transmutations
 + Level 14.5(14.3) Fire Magic
 + Level 14.5(14.3) Ice Magic
 + Level 14.5(14.3) Air Magic
 + Level 14.5(14.3) Earth Magic
 + Level 14.5(14.3) Poison Magic
 + Level 18.2(18.0) Invocations
 + Level 16.9(16.7) Evocations


You couldn't memorise any spells.
You knew the following spells:

 Your Spells              Type           Power        Failure   Level  Hunger
a - Blink                 Tloc           N/A          1%          2    None
b - Shroud of Golubria    Chrm/Tloc      #######...   1%          2    None
c - Conjure Flame         Conj/Fire      #######.     1%          3    None
d - Regeneration          Chrm/Necr      #######...   1%          3    None
e - Spectral Weapon       Hex/Chrm       #######.     1%          3    None
f - Song of Slaying       Chrm           #######.     1%          2    None
g - Sticks to Snakes      Tmut           #######.     1%          2    None
h - Fireball              Conj/Fire      #######...   1%          5    None
i - Borgnjor's Vile Clut  Necr/Erth      #######...   1%          5    None
j - Apportation           Tloc           ######       1%          1    None
k - Deflect Missiles      Chrm/Air       #######...   3%          6    ###....
l - Shadow Creatures      Summ           N/A          3%          6    ###....
m - Freezing Cloud        Conj/Ice/Air   #######...   3%          6    ###....
n - Malign Gateway        Summ/Tloc      #######...   22%         7    #####..
o - Death Channel         Necr           #######...   3%          6    ###....


Dungeon Overview and Level Annotations

Branches:
Dungeon (15/15)            Temple (0/1) D:6            Lair (6/6) D:9
 Shoals (4/4) Lair:3       Spider (4/4) Lair:2        Slime (5/5) Lair:6
    Orc (2/2) D:9             Elf (3/3) Orc:2        Vaults (4/5) D:14
  Crypt (0/3) Vaults:3     Depths (5/5) D:15            Zot (5/5) Depths:5

Altars:
Dithmenos
Elyvilon
Gozag
Hepliaklqana
Kikubaaqudgha
Makhleb
Trog
Uskayaw
Vehumet
Wu Jian
Xom
Yredelemnul
Zin
Jiyva

Shops:
D:4 *   D:10 }   D:13 [   Orc:1 [   Orc:2 *=%%   Elf:1 =   Elf:2 =}=:
Shoals:2 *   Vaults:1 [(}*

Portals:
Hell: Depths:1 Depths:2 Depths:3 Depths:4 Depths:5
Abyss: Depths:1 Depths:4
Pandemonium: Depths:3
Ziggurat: Depths:1

Annotations:
D:3 1 runed door
Lair:5 1 runed door, Urug
Shoals:4 1 runed door, p0werm0de's ghost, adept DDFi
Orc:2 2 runed doors, exclusion: orange crystal statue
Zot:2 exclusion: 4 oklob plants
Zot:5 1 exclusion


Innate Abilities, Weirdness & Mutations

Your experience applies equally to all skills.
You have very sharp teeth.
Your uncanny sense of smell can sniff out nearby items.
Your life essence is reduced to manifest your ancestor. (-10% HP)
You have large cloven feet.
You have a pair of small horns on your head.
Your body often deteriorates upon taking damage.
Your muscles are strong. (Str +2)


Message History

Press: ? - help, Shift-Dir - straight line, f - Orb Guardian
Aim: an Orb Guardian (heavily wounded, berserk, fast, unusually strong, chance to defeat MR: 7%)
Okay, then.
Evoke which item? (* to show all) (? for menu, Esc to quit)
Okay, then.
Evoke which item? (* to show all) (? for menu, Esc to quit)
You reach into the bag... ...and things crawl out!
The Orb Guardian tears through a web.
The Orb Guardian hits something!
Evoke which item? (* to show all) (? for menu, Esc to quit)
Okay, then.
Okay, then.
Okay, then.
Evoke which item? (* to show all) (? for menu, Esc to quit)
Okay, then.
Evoke which item? (* to show all) (? for menu, Esc to quit)
You open the lid... ...and an elder batshock beast flies out!
The Orb Guardian completely misses something.
The Orb Guardian hits you!!!
You die...

,,,,,,,,,,** #.............# **
,,,,,,,,,** ##....^........#* *
,,,,,,,,** #....§§RXy.....}*
***#####*▓▓▓▓########f######*****
* #...###...###..#...f.##.##*,,,
* #./#...#*#....##..#.......,,,,
## #.....#* #.s.Hs..##.......,***
.# #....## ##.⌠.X#.##...##...#
.###....# ##.@.#.....##**..#
..##....# ##.#...##.# ##..#
.?.#....## ##....##.###...#
....#....## #.......§......# #
..........## *#..##.##.##...#* #
...........####...##.##.##..#####
............#.......8........##..
...............##.##.##..........
...............##.##.##.......###


You could see 2 Orb Guardians, a deathcap, a moth of wrath, a wandering
mushroom, a friendly elder batshock beast and 2 friendly jumping spiders.

Vanquished Creatures
  the Royal Jelly (Slime:5)
  Mara (Elf:2)
  3 juggernauts (Depths:3)
  Sojobo (Depths:2)
  The ghost of Totori the Spry, a veteran HaHu of Okawaru (Depths:3)
  Bai Suzhen (Vaults:2)
  A curse toe (Zot:5)
  4 golden dragons
  3 liches
  Jorgrun (Elf:2)
  4 tentacled monstrosities
  An Orb Guardian (Zot:5)
  2 deep elf master archers (Elf:3)
  A titan (Depths:3)
  2 deep elf blademasters (Elf:3)
  2 quicksilver dragons
  16 acid blobs
  Gastronok (D:8)
  A death cob (Zot:3)
  4 sphinxes
  A storm dragon (Zot:3)
  A shadow dragon (Depths:3)
  Ilsuiw (Shoals:3)
  2 tengu reavers
  11 azure jellies
  6 fire giants
  4 vault wardens
  A balrug (WizLab)
  7 frost giants
  4 ghost moths
  6 emperor scorpions
  3 deep elf sorcerers (Elf:3)
  An orc warlord (Orc:1)
  2 imperial myrmidons (Desolation)
  6 deep elf elementalists
  A cacodemon (WizLab)
  8 ironheart preservers
  A draconian annihilator (Depths:5)
  9 very ugly things
  A war gargoyle (Vaults:2)
  A draconian stormcaller (Depths:5)
  3 spriggan defenders
  13 stone giants
  A green draconian (Zot:2)
  5 entropy weavers
  3 black draconians
  Nessos (D:15)
  4 vampire knights
  A minotaur (Lab)
  5 deep elf demonologists
  A halazid warlock (Desolation)
  A yellow draconian (Zot:2)
  5 spark wasps
  A red draconian (Zot:3)
  2 purple draconians
  9 deep elf annihilators
  6 death oozes (Slime:5)
  7 fire dragons
  2 merfolk javelineers (Shoals:4)
  6 ettins
  4 deep elf death magi
  2 jiangshi
  4 crystal guardians
  2 deep elf high priests
  5 merfolk impalers
  4 ragged hierophants (Desolation)
  6 vault guards
  11 great orbs of eyes
  3 hydras
  5 rakshasas
  2 spriggan air magi (Depths:5)
  7 yaktaur captains
  4 servants of whispers (Desolation)
  3 peacekeepers (Desolation)
  3 ice dragons
  2 catoblepae (Lair:6)
  12 centaur warriors
  3 merfolk aquamancers (Shoals:4)
  25 two-headed ogres
  3 alligator snapping turtles
  2 tengu warriors
  7 ogre magi
  10 deep troll shamans
  2 deep troll earth magi
  A vampire mage (Depths:3)
  3 death yaks (Lair:6)
  13 dancing weapons
  A thrashing horror (WizLab)
  3 orc high priests (Orc:2)
  12 deep elf knights
  3 spriggan berserkers
  A shadow wraith (Vaults:1)
  A titan skeleton (D:15)
  2 iron trolls (Depths:2)
  2 skeletal warriors (D:15)
  8 sea snakes
  5 hell knights (Depths:4)
  3 glowing orange brains
  9 deep trolls
  2 spark wasp zombies (D:15)
  5 flayed ghosts
  A phantasmal warrior (Vaults:1)
  An unseen horror (D:12)
  A swamp dragon (shapeshifter) (Depths:5)
  19 deep elf archers
  4 wizards
  8 ironbrand convokers
  14 harpies
  2 anaconda skeletons (WizLab)
  A lindwurm (shapeshifter) (Vaults:3)
  9 orc knights
  20 ugly things
  55 deep elf magi
  4 necromancers
  An orb spider (shapeshifter) (Vaults:2)
  9 orb spiders
  3 oklob plants (Zot:2)
  2 fauns
  A frost giant zombie (D:15)
  5 orc sorcerers
  A sphinx skeleton (Vaults:4)
  19 wolf spiders
  7 moths of wrath
  6 cyclopes
  2 worldbinders (WizLab)
  14 manticores
  4 water nymphs
  11 merfolk sirens
  2 guardian serpents
  2 black mambas
  Maurice (D:8)
  2 gargoyles
  7 vault sentinels
  A molten gargoyle (Desolation)
  7 elephants
  A torpor snail (Spider:1)
  An eye of devastation (Slime:5)
  4 spiny frogs
  2 kobold demonologists (D:11)
  A yaktaur (shapeshifter) (Vaults:1)
  5 demonic crawlers
  28 yaktaurs
  5 freezing wraiths
  A red devil (Depths:5)
  A tengu conjurer (Depths:2)
  3 komodo dragons
  19 jumping spiders
  A yaktaur skeleton (WizLab)
  A jumping spider (shapeshifter) (Depths:4)
  3 meliai (Spider:4)
  4 trolls
  A troll (shapeshifter) (Elf:3)
  Grinder (D:4)
  11 hornets
  31 merfolk
  A polar bear (Lair:4)
  A wolf spider simulacrum (Vaults:1)
  A snapping turtle (shapeshifter) (Vaults:2)
  30 saltlings (Desolation)
  38 slime creatures
  A wind drake (Shoals:4)
  A slime creature (shapeshifter) (Elf:1)
  14 blink frogs
  6 hippogriffs
  7 snapping turtles
  A hippogriff (shapeshifter) (Vaults:1)
  A raiju (shapeshifter) (Vaults:2)
  A meliai zombie (D:12)
  36 redbacks
  2 vampires (D:13)
  Sigmund (D:4)
  A fire dragon skeleton (Depths:1)
  A shadow (D:14)
  A wraith (Vaults:2)
  A yak (shapeshifter) (D:15)
  21 tarantellas
  A ynoxinul (WizLab)
  37 yaks
  19 spriggans
  13 water elementals
  2 fire elementals (Elf:2)
  4 wyverns
  2 basilisks
  A basilisk (shapeshifter) (Vaults:2)
  4 vampire mosquitoes (D:14)
  2 yaktaur simulacra
  A large abomination (WizLab)
  A steam dragon (Lair:5)
  Menkaure (D:4)
  6 wargs
  A soldier ant (D:12)
  5 water moccasins
  6 porcupines
  2 acid dragons (Vaults:2)
  A floating eye (Depths:5)
  A hornet zombie (D:14)
  2 ice beasts (D:12)
  30 orc warriors
  A black bear (D:8)
  A human zombie (Vaults:4)
  4 sky beasts
  An eye of draining (Slime:5)
  20 ogres
  6 wolves
  A tengu (shapeshifter) (Vaults:2)
  17 centaurs
  7 crocodiles
  The ghost of TheNamelessOne the Digger, an amateur OpEE (D:4)
  3 big kobolds
  2 knights
  12 bullfrogs
  A human skeleton (WizLab)
  5 earth elementals
  A deep troll simulacrum (Vaults:2)
  A human simulacrum (Vaults:4)
  3 killer bees (D:7)
  2 wights (D:6)
  2 electric eels
  A howler monkey (D:12)
  5 centaur zombies
  4 crimson imps
  3 bullfrog skeletons
  4 hounds
  6 jellies
  16 orc priests
  3 centaur skeletons
  11 orc wizards
  Natasha (thrice) (D:3)
  2 iguanas
  3 worker ants
  A howler monkey skeleton (D:6)
  8 adders
  3 gnolls (D:4)
  2 shadow imps
  5 oozes (D:10)
  2 worms (D:2)
  2 leopard geckos
  45 orcs
  A ball python (D:4)
  3 giant cockroaches
  5 goblins
  A hobgoblin (D:3)
  23 kobolds
  3 quokkas
  5 bats
  6 frilled lizards
  A jackal skeleton (D:6)
  A jackal zombie (D:6)
  5 rats
  7 bushes (Zot:2)
  A butterfly (Lair:4)
  2 fungi
  4 plants
  A spectral weapon (Depths:2)
1377 creatures vanquished.

Vanquished Creatures (collateral kills)
  Dissolution (Slime:5)
  A juggernaut (Depths:3)
  2 curse toes
  A caustic shrike (Depths:3)
  Nikola (Depths:3)
  3 golden dragons
  A bone dragon (Depths:5)
  3 tentacled monstrosities
  A lich (Depths:4)
  A titan (Depths:3)
  5 acid blobs
  A quicksilver dragon (Zot:2)
  An eldritch tentacle (WizLab)
  A tentacled starspawn (WizLab)
  2 death cobs
  3 sphinxes
  7 storm dragons
  Agnes (D:15)
  4 shadow dragons
  4 fire giants
  4 tengu reavers
  An azure jelly (Slime:3)
  A fire giant (shapeshifter) (Depths:3)
  A deep elf sorcerer (Vaults:3)
  4 frost giants
  An iron dragon (Depths:5)
  A draconian scorcher (Depths:5)
  3 vault wardens
  An emperor scorpion (Spider:4)
  3 ghost moths
  A deep elf elementalist (Depths:3)
  An angel (WizLab)
  6 ironheart preservers
  8 stone giants
  2 spriggan defenders
  A vampire knight (Vaults:3)
  3 very ugly things (Depths:2)
  2 entropy weavers (Vaults:2)
  A deep elf demonologist (Elf:1)
  A white draconian (Zot:5)
  4 deep elf annihilators (Elf:3)
  A green draconian (Zot:1)
  2 purple draconians
  3 spark wasps
  A black draconian (Zot:1)
  3 red draconians
  A yellow draconian (Depths:5)
  3 merfolk javelineers
  6 fire dragons
  3 ettins
  3 deep elf death magi (Elf:3)
  5 merfolk impalers
  8 yaktaur captains
  A deep elf high priest (Elf:3)
  4 great orbs of eyes
  4 ogre magi
  2 peacekeepers (Desolation)
  3 vault guards
  6 ice dragons
  A rakshasa (Depths:3)
  2 hydras
  5 servants of whispers (Desolation)
  2 spriggan air magi
  2 merfolk avatars
  6 centaur warriors
  A catoblepas (Lair:6)
  2 satyrs
  5 two-headed ogres
  9 dancing weapons
  3 tengu warriors
  A death knight (Vaults:2)
  A vampire mage (Depths:3)
  An alligator snapping turtle (Shoals:4)
  3 death yaks (Lair:6)
  An orc high priest (Orc:2)
  A thrashing horror (WizLab)
  2 spriggan berserkers (Depths:5)
  3 deep troll earth magi
  9 deep elf knights
  2 hell knights (Depths:4)
  A shadow wraith (Vaults:2)
  5 sea snakes
  3 unseen horrors
  3 deep trolls
  A quicksilver dragon simulacrum (Depths:1)
  3 glowing orange brains
  2 deep elf archers (Vaults:3)
  3 flayed ghosts
  2 orc knights (Vaults:4)
  25 deep elf magi
  An obsidian statue (WizLab)
  7 harpies
  4 ironbrand convokers
  6 orb spiders
  A necromancer (Depths:4)
  2 wizards
  3 oklob plants (Zot:2)
  3 shining eyes
  An orc sorcerer (Orc:2)
  11 wolf spiders
  13 ugly things
  7 fauns
  7 moths of wrath
  9 manticores
  A salamander (shapeshifter) (Vaults:2)
  2 cyclopes
  2 merfolk sirens
  An elephant (Lair:1)
  A black mamba (Lair:6)
  A centaur zombie (D:15)
  A guardian serpent (Desolation)
  2 water nymphs
  A guardian serpent (shapeshifter) (Depths:3)
  A vault sentinel (Vaults:2)
  3 spiny frogs
  2 centaur skeletons (D:15)
  2 gargoyles
  18 yaktaurs
  2 komodo dragons
  A komodo dragon (shapeshifter) (D:15)
  A freezing wraith (Vaults:2)
  5 demonic crawlers
  A yaktaur skeleton (Depths:1)
  A harpy zombie (D:14)
  A human skeleton (Vaults:4)
  A tengu conjurer (Depths:2)
  7 merfolk
  4 hornets
  25 slime creatures
  3 wind drakes
  5 jumping spiders
  14 saltlings (Desolation)
  5 blink frogs
  3 snapping turtles
  A hippogriff (Shoals:2)
  5 tarantellas
  4 spriggans (Depths:2)
  An air elemental (Elf:1)
  17 redbacks
  A wraith (D:8)
  A small abomination (WizLab)
  4 water elementals
  A spriggan (shapeshifter) (Elf:2)
  13 yaks
  A golden eye (shapeshifter) (Vaults:2)
  A wyvern (Lair:4)
  2 basilisks (Lair:4)
  A chaos spawn (WizLab)
  3 hungry ghosts
  4 spatial vortices (WizLab)
  2 wargs
  A floating eye (shapeshifter) (Vaults:2)
  A water moccasin (Lair:2)
  11 orc warriors
  3 porcupines
  A phantom (D:5)
  A black bear (D:9)
  An eye of draining (D:12)
  A sky beast (D:9)
  5 ogres
  A hornet zombie (D:11)
  2 wolves (Lair:6)
  3 centaurs
  An elf skeleton (Vaults:4)
  8 crocodiles
  A big kobold (shapeshifter) (Vaults:2)
  A big kobold (D:9)
  4 bullfrogs
  An earth elemental (Elf:1)
  2 scorpions
  2 wights (D:6)
  An electric eel (D:14)
  3 howler monkeys
  A crimson imp (D:6)
  A bullfrog zombie (D:9)
  A human simulacrum (Vaults:2)
  5 orc priests
  2 hounds
  A jelly (D:6)
  A gnoll shaman (D:3)
  4 orc wizards
  An iguana (D:6)
  A worker ant (D:4)
  2 gnolls (D:4)
  2 adders (D:4)
  3 shadow imps
  A worm (D:6)
  21 orcs
  A ball python (D:4)
  3 giant cockroaches
  A hobgoblin (D:3)
  A bat (D:3)
  3 kobolds
  16 bushes
  8 fungi
  11 plants
  A starspawn tentacle (WizLab)
664 creatures vanquished.

Vanquished Creatures (others)
  6 eldritch tentacles
  A yaktaur captain (Depths:2)
  A vampire mage (Vaults:3)
  4 yaktaurs
  An ice devil (WizLab)
  A jumping spider (Spider:1)
  A redback (Spider:4)
  A centaur (Vaults:4)
  37 knights
  8 ancestors
  49 bushes (Depths:2)
  17 fungi
  9 plants
  73 spectral weapons
  A starspawn tentacle (WizLab)
  A withered plant (D:15)
211 creatures vanquished.

Grand Total: 2252 creatures vanquished

Notes
Turn   | Place    | Note
-------+----------+-------------------------------------------
     0 | D:1      | zxcv the Gnoll Wanderer began the quest for the Orb.
     0 | D:1      | zxcv set off with: 4 curare-tipped needles, a +2 blowgun, a +0 shortbow, 25 arrows, a +0 spear, a +0 robe, a +0 dagger, a ration
     0 | D:1      | Reached XP level 1. HP: 20/20 MP: 1/1
   205 | D:1      | Reached XP level 2. HP: 18/26 MP: 2/2
  1125 | D:2      | Reached XP level 3. HP: 20/31 MP: 3/3
  1444 | D:2      | Reached skill level 1 in Invocations
  1673 | D:3      | Noticed Natasha
  1699 | D:3      | Reached skill level 1 in Short Blades
  1699 | D:3      | Reached skill level 1 in Long Blades
  1699 | D:3      | Reached skill level 1 in Maces & Flails
  1699 | D:3      | Reached skill level 1 in Staves
  1699 | D:3      | Reached skill level 1 in Slings
  1699 | D:3      | Reached skill level 1 in Bows
  1699 | D:3      | Reached skill level 1 in Crossbows
  1699 | D:3      | Reached skill level 1 in Dodging
  1699 | D:3      | Reached skill level 1 in Shields
  1699 | D:3      | Reached skill level 1 in Unarmed Combat
  1699 | D:3      | Reached skill level 1 in Spellcasting
  1699 | D:3      | Reached skill level 1 in Evocations
  1750 | D:3      | Found a hazy altar of Hepliaklqana.
  1750 | D:3      | Found a hide-covered altar of Uskayaw.
  1751 | D:3      | Found a radiant altar of Vehumet.
  1763 | D:3      | Found an ancient bone altar of Kikubaaqudgha.
  1775 | D:3      | Became a worshipper of Hepliaklqana the Forgotten
  2085 | D:3      | Found a shimmering altar of Xom.
  2298 | D:3      | Reached XP level 4. HP: 34/34 MP: 5/5
  2468 | D:3      | Found a runed door.
  2496 | D:3      | Killed Natasha
  2740 | D:3      | Noticed Natasha
  2746 | D:3      | Killed Natasha
  2746 | D:3      | Reached skill level 1 in Conjurations
  2746 | D:3      | Reached skill level 1 in Hexes
  2746 | D:3      | Reached skill level 1 in Charms
  2746 | D:3      | Reached skill level 1 in Summonings
  2746 | D:3      | Reached skill level 1 in Necromancy
  2746 | D:3      | Reached skill level 1 in Translocations
  2746 | D:3      | Reached skill level 1 in Transmutations
  2746 | D:3      | Reached skill level 1 in Fire Magic
  2746 | D:3      | Reached skill level 1 in Ice Magic
  2746 | D:3      | Reached skill level 1 in Air Magic
  2746 | D:3      | Reached skill level 1 in Earth Magic
  2746 | D:3      | Reached skill level 1 in Poison Magic
  2746 | D:3      | Reached XP level 5. HP: 33/38 MP: 6/6
  2884 | D:3      | Noticed Natasha
  2892 | D:3      | Killed Natasha
  2917 | D:4      | Found Zopsynuu's Assorted Antiques.
  3359 | D:4      | Reached XP level 6. HP: 45/45 MP: 8/8
  3365 | D:4      | Noticed Grinder
  3436 | D:4      | Noticed Menkaure
  3879 | D:4      | Noticed TheNamelessOne's ghost (amateur OpEE)
  3909 | D:4      | Noticed Sigmund
  3984 | D:4      | Found a glowing silver altar of Zin.
  4070 | D:4      | Killed TheNamelessOne's ghost
  4070 | D:4      | Reached skill level 5 in Fighting
  4070 | D:4      | Reached skill level 5 in Axes
  4070 | D:4      | Reached skill level 5 in Polearms
  4084 | D:5      | Entered Level 5 of the Dungeon
  4312 | D:5      | Reached * piety under Hepliaklqana
  4397 | D:5      | Noticed a phantom
  4459 | D:5      | Killed a phantom
  4459 | D:5      | Reached XP level 7. HP: 44/50 MP: 10/10
  4584 | D:5      | You fall through a shaft for 2 floors!
  4802 | D:7      | Gained mutation: You have large cloven feet. [potion of mutation]
  4802 | D:7      | Gained mutation: Your magical capacity is low. (-10% MP) [potion of mutation]
  4802 | D:7      | Gained mutation: Your muscles are strong. (Str +2) [potion of mutation]
  4818 | D:7      | Reached skill level 5 in Stealth
  5163 | D:7      | Found a shadowy altar of Dithmenos.
  5346 | D:7      | Noticed a slime creature
  5348 | D:7      | Noticed a slime creature
  5349 | D:7      | Noticed a slime creature
  5448 | D:6      | Reached ** piety under Hepliaklqana
  5453 | D:6      | Remembered your ancestor vcxz as a knight
  5606 | D:6      | Reached XP level 8. HP: 46/56 MP: 10/10
  5839 | D:6      | Found a staircase to the Ecumenical Temple.
  7224 | D:8      | Reached XP level 9. HP: 59/62 MP: 13/13
  7339 | D:8      | Noticed a two-headed ogre
  7355 | D:8      | Reached *** piety under Hepliaklqana
  7356 | D:8      | Found a basalt altar of Yredelemnul.
  7358 | D:8      | Noticed Gastronok
  7723 | D:8      | Noticed Maurice
  7861 | D:9      | Found a bloodstained altar of Trog.
  7883 | D:9      | Found a staircase to the Orcish Mines.
  7894 | D:9      | Found a basalt altar of Yredelemnul.
  8061 | D:9      | Reached skill level 5 in Throwing
  8061 | D:9      | Reached skill level 5 in Armour
  8187 | D:9      | Noticed a two-headed ogre
  8252 | D:9      | Killed a two-headed ogre
  8252 | D:9      | Reached skill level 5 in Invocations
  8273 | D:9      | Reached XP level 10. HP: 58/69 MP: 15/15
  8314 | D:9      | Found a staircase to the Lair.
  8435 | D:9      | Found an ornate altar of the Wu Jian Council.
  8774 | D:9      | Reached **** piety under Hepliaklqana
  8826 | Lair:1   | Entered Level 1 of the Lair of Beasts
  8845 | Lair:1   | Found a labyrinth entrance.
  8883 | Lair:1   | Reached skill level 5 in Short Blades
  8883 | Lair:1   | Reached skill level 5 in Long Blades
  8883 | Lair:1   | Reached skill level 5 in Maces & Flails
  8883 | Lair:1   | Reached skill level 5 in Staves
  8883 | Lair:1   | Reached skill level 5 in Slings
  8883 | Lair:1   | Reached skill level 5 in Bows
  8883 | Lair:1   | Reached skill level 5 in Crossbows
  8883 | Lair:1   | Reached skill level 5 in Dodging
  8883 | Lair:1   | Reached skill level 5 in Shields
  8883 | Lair:1   | Reached skill level 5 in Unarmed Combat
  8883 | Lair:1   | Reached skill level 5 in Spellcasting
  8883 | Lair:1   | Reached skill level 5 in Evocations
  8979 | Lab      | Entered a labyrinth
  9176 | Lab      | Noticed a minotaur
  9198 | Lab      | Killed a minotaur
  9221 | Lab      | Identified the cursed +1 robe of Wuebyhod {rElec rC+ MR+ Regen+} (You found it in a labyrinth)
  9437 | Lair:1   | Learned a level 2 spell: Blink
  9440 | Lair:1   | Learned a level 2 spell: Shroud of Golubria
  9444 | Lair:1   | Learned a level 3 spell: Conjure Flame
  9874 | Lair:2   | Reached XP level 11. HP: 74/75 MP: 17/17
 10591 | Lair:1   | Reached skill level 5 in Conjurations
 10591 | Lair:1   | Reached skill level 5 in Hexes
 10591 | Lair:1   | Reached skill level 5 in Charms
 10591 | Lair:1   | Reached skill level 5 in Summonings
 10591 | Lair:1   | Reached skill level 5 in Necromancy
 10591 | Lair:1   | Reached skill level 5 in Translocations
 10591 | Lair:1   | Reached skill level 5 in Transmutations
 10591 | Lair:1   | Reached skill level 5 in Fire Magic
 10591 | Lair:1   | Reached skill level 5 in Ice Magic
 10591 | Lair:1   | Reached skill level 5 in Air Magic
 10591 | Lair:1   | Reached skill level 5 in Earth Magic
 10591 | Lair:1   | Reached skill level 5 in Poison Magic
 11030 | Lair:2   | Found a hole to the Spider Nest.
 11434 | Lair:2   | Reached ***** piety under Hepliaklqana
 12094 | Lair:3   | Noticed a death yak
 12095 | Lair:3   | Noticed a death yak
 12096 | Lair:3   | Noticed a death yak
 12163 | Spider:1 | Entered Level 1 of the Spider Nest
 12318 | Lair:3   | Found a staircase to the Shoals.
 12490 | Lair:3   | Learned a level 3 spell: Regeneration
 12494 | Lair:3   | Learned a level 3 spell: Spectral Weapon
 12497 | Lair:3   | Learned a level 2 spell: Song of Slaying
 12626 | Lair:3   | Reached XP level 12. HP: 44/83 MP: 4/19
 12789 | Lair:3   | Noticed an eight-headed hydra
 12828 | Lair:3   | Killed an eight-headed hydra
 13694 | Lair:5   | Noticed a five-headed hydra
 13745 | Lair:5   | Noticed Urug
 13824 | Lair:5   | Killed a five-headed hydra
 14249 | Lair:5   | Found a runed door.
 14294 | Lair:6   | Entered Level 6 of the Lair of Beasts
 14580 | Lair:6   | Found a viscous altar of Jiyva.
 14593 | Lair:6   | Found a staircase to the Slime Pits.
 14759 | Lair:6   | Reached XP level 13. HP: 58/90 MP: 11/22
 14816 | Lair:6   | Reached ****** piety under Hepliaklqana
 15532 | Lair:6   | Got a warped eveningstar
 15533 | Lair:6   | Identified the cursed +1 eveningstar "Kodesetu" {crush, *Contam +Rage rN+ Str+4} (You found it on level 6 of the Lair of Beasts)
 15745 | D:10     | Entered Level 10 of the Dungeon
 15955 | D:8      | Killed Maurice
 16096 | D:8      | Killed Gastronok
 16384 | D:4      | Killed Sigmund
 16433 | D:4      | Killed Menkaure
 16518 | D:4      | Killed Grinder
 17368 | D:10     | Found Extorr's Gadget Shoppe.
 17800 | Orc:1    | Entered Level 1 of the Orcish Mines
 17908 | Orc:1    | Found a burning altar of Makhleb.
 17960 | Orc:1    | Reached XP level 14. HP: 74/98 MP: 17/23
 18203 | Orc:1    | Found Zeihick's Antique Armour Shop.
 18207 | Orc:1    | Bought a faintly humming chain mail for 304 gold pieces
 18217 | Orc:1    | Identified the +3 chain mail of the Frog {rN+ Regen+ Str-2} (You bought it in a shop on level 1 of the Orcish Mines)
 18410 | Orc:2    | Entered Level 2 of the Orcish Mines
 18458 | Orc:1    | Learned a level 2 spell: Sticks to Snakes
 19078 | Orc:2    | Found a runed door.
 19109 | Orc:2    | Found the +10 large shield of Ignorance {rN+ Int-4}
 19507 | Orc:2    | Reached skill level 10 in Fighting
 19507 | Orc:2    | Reached skill level 10 in Axes
 19507 | Orc:2    | Reached skill level 10 in Polearms
 19589 | Orc:2    | Found a runed door.
 19672 | Orc:2    | Found a staircase to the Elven Halls.
 19686 | Orc:2    | Noticed an orc warlord
 19936 | Orc:1    | Killed an orc warlord
 20051 | Orc:2    | Found Exyloyh's Food Shop.
 20255 | Orc:2    | Reached skill level 10 in Stealth
 20480 | Orc:2    | Reached skill level 10 in Invocations
 20541 | Orc:2    | Found Fuysodau's Food Shop.
 20547 | Orc:2    | Found Bymuomat's Jewellery Shoppe.
 20552 | Orc:2    | Found Oteyg's General Store.
 20557 | Orc:2    | Bought a scroll of identify for 22 gold pieces
 20610 | Orc:2    | Bought the ring of Okawaru's Reproof {rF+ rC++ MP+9 Str+2 Dex-5} for 758 gold pieces
 21848 | D:12     | Noticed a war gargoyle
 21981 | D:13     | Reached XP level 15. HP: 97/105 MP: 25/25
 22364 | D:13     | Found Ireqi's Armour Emporium.
 22395 | D:13     | Identified a scroll of acquirement
 22573 | D:14     | Reached skill level 10 in Throwing
 22573 | D:14     | Reached skill level 10 in Armour
 22582 | D:14     | Found a gate to the Vaults.
 22880 | D:14     | Found an opulent altar of Gozag.
 23442 | D:15     | Entered Level 15 of the Dungeon
 23547 | D:15     | Noticed Agnes
 23556 | D:15     | Killed Agnes
 23556 | D:15     | Reached skill level 10 in Short Blades
 23556 | D:15     | Reached skill level 10 in Long Blades
 23556 | D:15     | Reached skill level 10 in Maces & Flails
 23556 | D:15     | Reached skill level 10 in Staves
 23556 | D:15     | Reached skill level 10 in Slings
 23556 | D:15     | Reached skill level 10 in Bows
 23556 | D:15     | Reached skill level 10 in Crossbows
 23556 | D:15     | Reached skill level 10 in Dodging
 23556 | D:15     | Reached skill level 10 in Shields
 23556 | D:15     | Reached skill level 10 in Unarmed Combat
 23556 | D:15     | Reached skill level 10 in Spellcasting
 23556 | D:15     | Reached skill level 10 in Evocations
 23625 | D:15     | Found a staircase to the Depths.
 23735 | D:15     | Noticed Nessos
 23756 | D:15     | Killed Nessos
 24578 | Spider:1 | Noticed an emperor scorpion
 24738 | Spider:1 | Killed an emperor scorpion
 24862 | Spider:1 | Reached XP level 16. HP: 64/112 MP: 22/27
 26318 | Spider:4 | Entered Level 4 of the Spider Nest
 27339 | Spider:4 | Reached XP level 17. HP: 114/119 MP: 7/28
 28084 | Spider:4 | Got a gossamer rune of Zot
 28339 | Orc:2    | Learned a level 5 spell: Fireball
 28604 | Shoals:1 | Entered Level 1 of the Shoals
 29581 | Shoals:2 | Found Jestryd's Assorted Antiques.
 30288 | Shoals:3 | Reached skill level 10 in Conjurations
 30288 | Shoals:3 | Reached skill level 10 in Hexes
 30288 | Shoals:3 | Reached skill level 10 in Charms
 30288 | Shoals:3 | Reached skill level 10 in Summonings
 30288 | Shoals:3 | Reached skill level 10 in Necromancy
 30288 | Shoals:3 | Reached skill level 10 in Translocations
 30288 | Shoals:3 | Reached skill level 10 in Transmutations
 30288 | Shoals:3 | Reached skill level 10 in Fire Magic
 30288 | Shoals:3 | Reached skill level 10 in Ice Magic
 30288 | Shoals:3 | Reached skill level 10 in Air Magic
 30288 | Shoals:3 | Reached skill level 10 in Earth Magic
 30288 | Shoals:3 | Reached skill level 10 in Poison Magic
 30448 | Shoals:3 | Reached XP level 18. HP: 126/126 MP: 26/30
 30721 | Shoals:4 | Entered Level 4 of the Shoals
 31023 | Shoals:4 | Noticed Ilsuiw
 31257 | Shoals:3 | Killed Ilsuiw
 31416 | Shoals:4 | Found a runed door.
 31568 | Shoals:4 | Noticed p0werm0de's ghost (adept DDFi)
 31745 | Shoals:4 | Got a fine copper ring
 31747 | Shoals:4 | Identified the cursed ring of Hoitof {rElec rF+ rN+ AC-4 Str+4} (You found it on level 4 of the Shoals)
 31955 | Shoals:4 | Got a barnacled rune of Zot
 32549 | Vaults:1 | Entered Level 1 of the Vaults
 32924 | Vaults:1 | Found Tuelyext's Weapon Boutique.
 33214 | Vaults:1 | Reached XP level 19. HP: 61/134 MP: 13/31
 33260 | Vaults:1 | Found Notuwkir's Antique Armour Shoppe.
 33348 | Vaults:1 | Found Quusm's Assorted Antiques.
 33356 | Vaults:1 | Bought a scroll of teleportation for 96 gold pieces
 33421 | Vaults:1 | Found Mokhum's Gadget Shoppe.
 34863 | Vaults:2 | Noticed Bai Suzhen
 34878 | Vaults:2 | Killed Bai Suzhen
 35189 | Vaults:2 | Reached XP level 20. HP: 141/141 MP: 17/33
 35779 | Vaults:3 | Identified the Handbook of Confrontation and Snow
 36900 | Vaults:3 | Found a staircase to the Crypt.
 37575 | Vaults:4 | Noticed a lich
 37585 | Vaults:4 | Killed a lich
 37592 | Vaults:4 | Reached XP level 21. HP: 76/148 MP: 3/34
 37671 | Vaults:4 | Found a ruined gateway.
 37698 | Desolati | Entered the Desolation of Salt
 37777 | Desolati | Identified the Papyrus of the Warrior-Mage
 37781 | Desolati | Got a translucent marble ring
 37794 | Desolati | Got a bloodstained scale mail
 37796 | Desolati | Identified the ring of Past Mistakes {rF+ rC+++ rN+ Str-3 Dex+3 Stlth+} (You found it in the Desolation of Salt)
 37827 | Desolati | Identified the +1 scale mail of a Billion Spirits {+Fly rC+ Str-3} (You found it in the Desolation of Salt)
 38178 | Desolati | Identified the Catalogue of Supportive Transformation
 38492 | Desolati | Identified the Disquisition on Flying Bewitchment
 38774 | Vaults:4 | Learned a level 5 spell: Borgnjor's Vile Clutch
 38839 | Vaults:4 | Found the +10 zealot's sword {holy, *Rage rN+ EV+3}
 38953 | Vaults:4 | Reached skill level 15 in Invocations
 39602 | Elf:1    | Entered Level 1 of the Elven Halls
 39665 | Elf:1    | Identified Wutymy's Catalogue of the Entourage
 39839 | Elf:1    | Found Rizucwak's Jewellery Emporium.
 40414 | Elf:2    | Found Olokh's Jewellery Boutique.
 40414 | Elf:2    | Found Rel Ank's Gadget Emporium.
 40415 | Elf:2    | Found Nigaah's Jewellery Boutique.
 40506 | Elf:2    | Learned a level 1 spell: Apportation
 40574 | Elf:2    | Found a huge runed gate.
 40594 | Elf:2    | Found a huge runed gate.
 40601 | Elf:2    | Found a huge runed gate.
 40605 | Elf:2    | Found a huge runed gate.
 40606 | Elf:2    | Found a huge runed gate.
 40656 | Elf:2    | Reached XP level 22. HP: 148/155 MP: 6/36
 40805 | Elf:2    | Found Kaitseno's Book Emporium.
 41629 | Elf:2    | Noticed Jorgrun
 41640 | Elf:2    | Killed Jorgrun
 41688 | Elf:3    | Entered Level 3 of the Elven Halls
 42057 | Elf:3    | Noticed Mara
 42182 | Elf:3    | Reached skill level 15 in Fighting
 42182 | Elf:3    | Reached skill level 15 in Axes
 42182 | Elf:3    | Reached skill level 15 in Polearms
 42382 | Elf:3    | Found the +9 heavy crossbow "Sniper" {velocity, Acc+∞ SInv}
 42411 | Elf:3    | Reached skill level 15 in Stealth
 42490 | Elf:3    | Identified Spellcraft Continued
 42507 | Elf:3    | Noticed zxcv's illusion
 42817 | Elf:2    | Killed Mara
 43029 | Elf:3    | Identified the Volume of the Congealing Arsonist
 43047 | Elf:3    | Reached XP level 23. HP: 129/162 MP: 16/37
 43061 | Elf:3    | Identified the amulet "Guwomn" {Faith Int+3} (You took it off a deep elf archer on level 3 of the Elven Halls)
 43098 | Elf:3    | Identified the ring of Bicw {rElec rPois MR++ Stlth-} (You took it off a deep elf elementalist on level 3 of the Elven Halls)
 43185 | Elf:3    | Got a warped flail {crush}
 43296 | Elf:3    | Got a slimy chain mail
 43307 | Elf:3    | Identified the +1 chain mail of the Sky {+Blink MR+ Str+3} (You found it on level 3 of the Elven Halls)
 43643 | Depths:1 | Entered Level 1 of the Depths
 43653 | Depths:1 | Reached XP level 24. HP: 164/170 MP: 37/37
 43673 | Depths:1 | Found a one-way gate to the infinite horrors of the Abyss.
 43820 | Depths:1 | Got a pair of scorched gloves
 43831 | Depths:1 | Identified the cursed +0 pair of gloves of Words of Power {Int+7} (You found it on level 1 of the Depths)
 43844 | Depths:1 | Reached skill level 15 in Throwing
 43844 | Depths:1 | Reached skill level 15 in Armour
 43903 | Depths:1 | Learned a level 6 spell: Deflect Missiles
 43910 | Depths:1 | Learned a level 6 spell: Shadow Creatures
 43971 | Depths:1 | Found a gateway to a ziggurat.
 44000 | Depths:1 | Found a gateway to Hell.
 44296 | Depths:2 | Reached skill level 15 in Dodging
 44661 | Depths:2 | Reached skill level 15 in Short Blades
 44661 | Depths:2 | Reached skill level 15 in Long Blades
 44661 | Depths:2 | Reached skill level 15 in Maces & Flails
 44661 | Depths:2 | Reached skill level 15 in Staves
 44661 | Depths:2 | Reached skill level 15 in Slings
 44661 | Depths:2 | Reached skill level 15 in Bows
 44661 | Depths:2 | Reached skill level 15 in Crossbows
 44661 | Depths:2 | Reached skill level 15 in Shields
 44661 | Depths:2 | Reached skill level 15 in Unarmed Combat
 44661 | Depths:2 | Reached skill level 15 in Spellcasting
 44661 | Depths:2 | Reached skill level 15 in Evocations
 44737 | Depths:2 | Found a magical portal.
 44767 | Depths:2 | Noticed Sojobo
 44816 | WizLab   | Entered The Roulette of Golubria
 44816 | WizLab   | Found a transporter.
 44864 | WizLab   | Found a corrupted altar of Lugonu.
 44892 | WizLab   | Found a corrupted altar of Lugonu.
 44892 | WizLab   | Found a transporter.
 44934 | WizLab   | Found a transporter.
 44934 | WizLab   | Found a transporter.
 45015 | WizLab   | Found the +1 cloak of Starlight {rElec rC+ EV+4 Stlth--}
 45040 | WizLab   | Found a transporter.
 45055 | WizLab   | Found a transporter.
 45099 | WizLab   | Found a transporter.
 45215 | WizLab   | Found a transporter.
 45279 | WizLab   | Found a transporter.
 45315 | WizLab   | Got a heavily runed cloak
 45326 | WizLab   | Identified the +2 cloak of the Moon Troll {Str+3 Int+2 Slay+2} (You found it in a wizard's laboratory)
 45379 | WizLab   | Found a transporter.
 45403 | WizLab   | Found a transporter.
 45403 | WizLab   | Found a transporter.
 45450 | WizLab   | Found a transporter.
 45479 | WizLab   | Found a transporter.
 45479 | WizLab   | Found a transporter.
 45505 | WizLab   | Identified Golubria's Volume of the Voyage
 45518 | WizLab   | Found a transporter.
 45518 | WizLab   | Found a transporter.
 45564 | WizLab   | Found a transporter.
 45564 | WizLab   | Found a transporter.
 45605 | WizLab   | Found a transporter.
 45682 | Depths:2 | Killed Sojobo
 46272 | Depths:3 | Noticed Totori's ghost (veteran HaHu)
 46441 | Depths:2 | Upgraded the game from 0.22-a0-362-g535178c to 0.22-a0-367-gb72a975
 46541 | Depths:2 | Gained mutation: Your magical capacity is very low. (-20% MP) [mutagenic glow]
 46563 | Depths:3 | Killed Totori's ghost
 46654 | Depths:3 | Noticed Nikola
 46664 | Depths:3 | Killed Nikola
 46757 | Depths:3 | Found a one-way gate leading to the halls of Pandemonium.
 46781 | Depths:3 | Found an ancient bone altar of Kikubaaqudgha.
 46781 | Depths:3 | Found a white marble altar of Elyvilon.
 46805 | Depths:3 | Found a burning altar of Makhleb.
 46817 | Depths:3 | Noticed a caustic shrike
 46837 | Depths:3 | Killed a caustic shrike
 46837 | Depths:3 | Reached XP level 25. HP: 168/177 MP: 13/33
 46885 | Depths:3 | Noticed a juggernaut
 46912 | Depths:3 | Killed a juggernaut
 47123 | Depths:3 | Noticed a juggernaut
 47161 | Depths:3 | Killed a juggernaut
 47430 | Depths:3 | Noticed a juggernaut
 47605 | Depths:3 | Got a jade-encrusted leather armour
 47616 | Depths:3 | Identified the +3 leather armour "Centyll" {rF+ rC- Str+4 Slay+5} (You found it on level 3 of the Depths)
 47688 | Depths:3 | Killed a juggernaut
 47837 | Depths:3 | Noticed a juggernaut
 47862 | Depths:3 | Killed a juggernaut
 47886 | Depths:3 | Identified the cursed +1 flail "Testudinebane" {vamp, *Drain rF++ Str+6} (You took it off a spriggan berserker on level 3 of the Depths)
 47974 | Depths:3 | Got an encrusted morningstar {pain}
 47976 | Depths:3 | Identified the +3 morningstar of the Endless Mice {pain, SInv} (You took it off a tengu reaver on level 3 of the Depths)
 48301 | Depths:4 | Reached XP level 26. HP: 145/185 MP: 3/34
 48459 | Depths:4 | Found a runed door.
 48459 | Depths:4 | Found a runed door.
 48861 | Depths:5 | Entered Level 5 of the Depths
 48921 | Depths:5 | Paralysed by a vampire knight for 4 turns
 49097 | Depths:5 | Found a gate to the Realm of Zot.
 50085 | Slime:1  | Entered Level 1 of the Pits of Slime
 50250 | Slime:4  | Gained mutation: You are frail. (-10% HP) [a shining eye]
 50251 | Slime:4  | Gained mutation: You are very frail. (-20% HP) [a shining eye]
 50279 | Slime:4  | Lost mutation: Your magical capacity is very low. (-20% MP) [potion of mutation]
 50279 | Slime:4  | Lost mutation: Your magical capacity is low. (-10% MP) [potion of mutation]
 50279 | Slime:4  | Lost mutation: You are very frail. (-20% HP) [potion of mutation]
 50279 | Slime:4  | Lost mutation: You are frail. (-10% HP) [potion of mutation]
 50279 | Slime:4  | Gained mutation: Your body sometimes deteriorates upon taking damage. [potion of mutation]
 50279 | Slime:4  | Gained mutation: Your body often deteriorates upon taking damage. [potion of mutation]
 50279 | Slime:4  | Gained mutation: You have a pair of small horns on your head. [potion of mutation]
 50356 | Slime:5  | Entered Level 5 of the Pits of Slime
 50392 | Slime:5  | Paralysed by a great orb of eyes for 3 turns
 50418 | Slime:5  | Noticed Dissolution
 50475 | Slime:4  | Learned a level 6 spell: Freezing Cloud
 50483 | Slime:4  | Learned a level 7 spell: Malign Gateway
 50624 | Slime:5  | Paralysed by a floating eye for 3 turns
 50626 | Slime:5  | Killed Dissolution
 50664 | Slime:5  | Noticed the Royal Jelly
 51047 | Slime:5  | Killed the Royal Jelly
 51047 | Slime:5  | Reached XP level 27. HP: 178/192 MP: 33/43
 51084 | Slime:5  | Got a slimy rune of Zot
 51163 | Slime:5  | Identified the ring "Cytouch" {Dex+2 Stlth-} (You found it on level 5 of the Pits of Slime)
 51210 | Slime:5  | Identified the ring "Ollyfib Ugga" {*Tele Dex+4 SInv} (You found it on level 5 of the Pits of Slime)
 51242 | Slime:5  | Identified the cursed +3 broad axe of Kezontek {chop, Int+4} (You found it on level 5 of the Pits of Slime)
 51769 | Depths:5 | Learned a level 6 spell: Death Channel
 51771 | Zot:1    | Entered Level 1 of the Realm of Zot
 52739 | Zot:5    | Entered Level 5 of the Realm of Zot
 52991 | Zot:5    | Mangled by an Orb Guardian

Vault maps used:
D:1:      zelgadis_glass_arrival_small, minmay_statues_item
D:2:      first_ration, lemuel_old_faithful
D:3:      nicolae_overflow_quartered_altars, nicolae_overflow_crystal_walls,
          hex_intersection, uniq_crazy_yiuf_cottage, uniq_natasha
D:4:      overflow_temple_1_default, serial_shops, nicolae_shop_statue_plus,
          minmay_misc_feat_room, uniq_menkaure, uniq_sigmund, uniq_grinder
D:6:      minmay_temple_entry_grid, hangedman_abyss_or_decor_stabs
D:7:      grunt_dithmenos_smoke
D:8:      minmay_opposing_rooms, basic_altar, uniq_gastronok, uniq_maurice
D:9:      bloody_trog, kennysheep_little_box, grunt_lair_entry_orc_guard_hut,
          basic_altar
D:10:     serial_shops, shop, hangedman_little_slice_of_home
D:12:     gargoyle_guard
D:13:     serial_shops, shop, fake_guardian_serpent_vault
D:14:     lightli_vaults_fourway_checkpoint,
          nicolae_gozag_cash_rules_everything_around_me, basic_altar,
          serial_co_window_serial, co_window_of_opportunity_a,
          co_window_paths_b, co_window_corner_a, co_window_of_opportunity_a,
          co_window_paths_b, co_window_cross_2, co_window_2corner,
          co_window_unsneaky_path_a, co_window_paths_c,
          co_window_unsneaky_path_e, glass_columns_b, glass_columns_b,
          glass_columns_b, kennysheep_pointless_box, minivault_16, uniq_frances
D:15:     gammafunk_depths_entry_grave, uniq_agnes, uniq_nessos
Lair:1:   lab_entry_generic
Lair:2:   spider_nest_entry_a, guppyfry_lair_drakes, grunt_megastairs_5,
          serial_bayou_shore_b
Lair:3:   minmay_shoals_entry_lonely_mermaid
Lair:4:   beast_lair_carwin_1, serial_bayou_shore_b, lemuel_fruit_tree,
          lemuel_fruit_fields
Lair:5:   gammafunk_mikee_crab_dinner, uniq_urug
Lair:6:   evilmike_catoblepas_cave, slime_altar_1
Shoals:2: serial_shops, nicolae_shop_statue_plus
Shoals:4: shoals_end_grunt_ice, shoal_ilsuiw, lightli_airlock
Spider:4: spider_rune_water
Slime:3:  cheibrodos_slime_lost_civilization_5
Slime:5:  uniq_dissolution
Orc:1:    basic_altar, serial_shops, nicolae_shop_behind_doors
Orc:2:    st_orc_elflike, chequers_guarded_unrand_ignorance
Elf:1:    minmay_elf_demonology, minmay_shop_star
Elf:2:    serial_shops, nicolae_shop_crystal, minmay_shop_grove, uniq_jorgrun
Elf:3:    grunt_elf_hall_spiral, uniq_mara
Vaults:1: nicolae_vaults_network_quinsquares, hangedman_vaults_cutoff,
          grunt_vaults_twisty, nicolae_vaults_windows_and_doors_thing,
          st_smaller_cells, hangedman_vaults_hat, v_misc_9, serial_shops,
          nicolae_shop_waterfront, shop,
          nicolae_shop_temple_entry_statues_fountains, shop
Vaults:2: ontoclasm_vaults_eye, vaults_mumra_minichess_inversion,
          hangedman_vaults_unwind, nicolae_vaults_back_hallway,
          ontoclasm_vaults_hangar, v_misc_11, nicolae_vaults_octagons,
          nicolae_vaults_hallways_thing, v_alt_pattern_3,
          grunt_vaults_trifunnel, ontoclasm_vaults_gateway, vaults_dpeg_cross,
          ontoclasm_vaults_chip, uniq_bai_suzhen
Vaults:3: ontoclasm_vaults_ring_square, vaults_dpeg_diagonal,
          minmay_crypt_entry_simple_plaza, ontoclasm_vaults_hangar,
          nicolae_vaults_little_ls, hangedman_vaults_river_flow,
          vaults_room_pools, nicolae_vaults_what_the_h, vaults_mumra_lcd,
          vaults_dpeg_hooks, v_misc_32, v_misc_11,
          ontoclasm_vaults_decontamination, grunt_vaults_hallway_short,
          nicolae_vaults_border_crossing, vaults_room_hallway,
          ontoclasm_vaults_ring_square
Vaults:4: nicolae_vaults_three_branches, vaults_mumra_hex,
          ontoclasm_vaults_fault, v_misc_22, vaults_standard_mumra_x,
          st_spiral_rooms, nicolae_vaults_little_squares_4,
          portal_desolation_entry_nicolae_slug
Depths:1: enter_ziggurat_a, abyss_entry, hell_entry, roderic_malta_cross,
          minmay_misc_feat_nine_boxes, water_boxes_lemuel, serial_bayou_shore_a
Depths:2: minmay_spriggan_fort, hell_entry, mu_enter_wizlab_2, uniq_sojobo
Depths:3: hangedman_slaughterboxes, pan_entry, hell_entry, serial_shops,
          uniq_nikola
Depths:4: minmay_the_grid_triangle_9x9_recursive_2_mashed, abyss_entry,
          hell_entry, nrook_mini_vaults, infiniplex_staircase_pool_2
Depths:5: grunt_zot_entry_bicorn, hangedman_geh_valley, minmay_misc_feat_roman,
          lightli_corner_chamber
Zot:2:    grunt_zot_stairs_overgrown
Zot:3:    zot_minivault_4
Zot:5:    hangedman_zot_decor_slant
Lab:      labyrinth_watery
WizLab:   wizlab_golubria

Skill      XL: |  1  2  3  4  5  6  7  8  9 10 11 12 13 14 15 16 17 18 19 20 21 22 23 24 25 26 27 |
---------------+----------------------------------------------------------------------------------+-----
Invocations    | 1 2 3 4 5 6 7 8 9 10 11 12 13 14 15 16 17 18 | 18.2
Short Blades   | 1 2 3 4 5 6 7 8 9 10 11 12 13 14 15 16 | 16.9
Long Blades    | 1 2 3 4 5 6 7 8 9 10 11 12 13 14 15 16 | 16.9
Maces & Flails | 1 2 3 4 5 6 7 8 9 10 11 12 13 14 15 16 | 16.9
Staves         | 1 2 3 4 5 6 7 8 9 10 11 12 13 14 15 16 | 16.9
Slings         | 1 2 3 4 5 6 7 8 9 10 11 12 13 14 15 16 | 16.9
Bows           | 1 2 3 4 5 6 7 8 9 10 11 12 13 14 15 16 | 16.9
Crossbows      | 1 2 3 4 5 6 7 8 9 10 11 12 13 14 15 16 | 16.9
Dodging        | 1 2 3 4 5 6 7 8 9 10 11 12 13 14 15 16 18 | 18.6
Shields        | 1 2 3 4 5 6 7 8 9 10 11 12 13 14 15 16 | 16.9
Unarmed Combat | 1 2 3 4 5 6 7 8 9 10 11 12 13 14 15 16 | 16.9
Spellcasting   | 1 2 3 4 5 6 7 8 9 10 11 12 13 14 15 16 | 16.9
Evocations     | 1 2 3 4 5 6 7 8 9 10 11 12 13 14 15 16 | 16.9
Conjurations   | 1 2 3 4 5 6 7 8 9 10 11 12 13 14 | 14.5
Hexes          | 1 2 3 4 5 6 7 8 9 10 11 12 13 14 | 14.5
Charms         | 1 2 3 4 5 6 7 8 9 10 11 12 13 14 | 14.5
Summonings     | 1 2 3 4 5 6 7 8 9 10 11 12 13 14 | 14.5
Necromancy     | 1 2 3 4 5 6 7 8 9 10 11 12 13 14 | 14.5
Translocations | 1 2 3 4 5 6 7 8 9 10 11 12 13 14 | 14.5
Transmutations | 1 2 3 4 5 6 7 8 9 10 11 12 13 14 | 14.5
Fire Magic     | 1 2 3 4 5 6 7 8 9 10 11 12 13 14 | 14.5
Ice Magic      | 1 2 3 4 5 6 7 8 9 10 11 12 13 14 | 14.5
Air Magic      | 1 2 3 4 5 6 7 8 9 10 11 12 13 14 | 14.5
Earth Magic    | 1 2 3 4 5 6 7 8 9 10 11 12 13 14 | 14.5
Poison Magic   | 1 2 3 4 5 6 7 8 9 10 11 12 13 14 | 14.5
Throwing       | 3 4 5 6 7 8 9 10 11 12 13 14 15 16 17 | 17.0
Armour         | 3 4 5 6 7 8 9 10 11 12 13 14 15 16 17 | 17.0
Fighting       | 5 6 7 8 9 10 11 12 13 14 15 16 17 | 17.3
Axes           | 5 6 7 8 9 10 11 12 13 14 15 16 17 | 17.3
Polearms       | 5 6 7 8 9 10 11 12 13 14 15 16 17 | 17.3
Stealth        | 5 6 7 8 9 10 11 12 13 14 15 16 17 | 17.2

Action                   |  1- 3 |  4- 6 |  7- 9 | 10-12 | 13-15 | 16-18 | 19-21 | 22-24 | 25-27 || total
-------------------------+-------+-------+-------+-------+-------+-------+-------+-------+-------++-------
Melee: Spear             |   138 |   116 |   243 |   280 |       |       |       |       |       ||   777
       Bite              |    10 |    10 |    18 |   102 |   147 |   138 |   161 |    92 |    87 ||   765
       Unarmed           |     2 |       |    13 |       |       |       |       |       |       ||    15
       Punch             |     1 |       |       |       |       |       |       |       |       ||     1
       Whip              |       |       |     7 |    50 |       |       |       |       |       ||    57
       Trident           |       |       |       |   291 |   111 |       |       |       |       ||   402
       Eveningstar       |       |       |       |       |   814 |  1065 |   892 |   640 |       ||  3411
       Demon trident     |       |       |       |       |       |       |       |    28 |   806 ||   834
       Eudemon blade     |       |       |       |       |       |       |       |    18 |       ||    18
       Headbutt          |       |       |       |       |       |       |       |       |    58 ||    58
Throw: Stone             |     3 |    33 |    20 |    80 |    16 |       |       |       |       ||   152
       Tomahawk          |       |     4 |    15 |    37 |    77 |    73 |    38 |    14 |     6 ||   264
       Javelin           |       |       |       |     7 |    11 |    12 |     5 |       |       ||    35
       Throwing net      |       |       |       |       |     1 |       |       |       |       ||     1
 Cast: Shroud of Golubri |       |       |       |    12 |     3 |       |     1 |       |       ||    16
       Blink             |       |       |       |     4 |     4 |       |     1 |       |       ||     9
       Conjure Flame     |       |       |       |     4 |     3 |       |       |       |       ||     7
       Spectral Weapon   |       |       |       |    31 |   108 |   100 |    67 |    38 |    43 ||   387
       Regeneration      |       |       |       |    10 |    14 |    27 |    21 |    19 |    11 ||   102
       Song of Slaying   |       |       |       |     1 |    10 |     4 |     3 |       |       ||    18
       Sticks to Snakes  |       |       |       |       |     7 |       |     1 |       |       ||     8
       Fireball          |       |       |       |       |       |     5 |    42 |    21 |     9 ||    77
       Borgnjor's Vile C |       |       |       |       |       |       |    22 |    62 |    29 ||   113
       Shadow Creatures  |       |       |       |       |       |       |       |    25 |    44 ||    69
       Deflect Missiles  |       |       |       |       |       |       |       |     3 |     2 ||     5
       Apportation       |       |       |       |       |       |       |       |     2 |     6 ||     8
       Malign Gateway    |       |       |       |       |       |       |       |       |     6 ||     6
       Freezing Cloud    |       |       |       |       |       |       |       |       |     2 ||     2
       Death Channel     |       |       |       |       |       |       |       |       |     5 ||     5
Invok: Recall Ancestor   |     2 |     1 |     7 |     7 |    18 |    23 |    14 |    12 |     4 ||    88
       Ancestor Identity |       |       |     2 |       |       |       |       |       |       ||     2
       Ancestor Life: Kn |       |       |     1 |       |       |       |       |       |       ||     1
       Idealise          |       |       |       |     1 |     2 |     7 |    10 |     2 |     2 ||    24
       Transference      |       |       |       |       |       |     2 |     1 |     4 |     1 ||     8
 Abil: Evoke Berserk Rag |       |       |       |       |     1 |    17 |    13 |     5 |       ||    36
Evoke: Wand              |       |       |    13 |     7 |     7 |    16 |     4 |     1 |     6 ||    54
       Lamp of fire      |       |       |       |     2 |     5 |     3 |     2 |       |       ||    12
       Box of beasts     |       |       |       |     1 |       |       |       |       |     1 ||     2
       Sack of spiders   |       |       |       |       |     1 |       |       |       |     1 ||     2
       Fan of gales      |       |       |       |       |       |     1 |       |       |       ||     1
  Use: Potion            |     1 |       |     5 |       |       |       |     4 |     3 |     2 ||    15
       Scroll            |       |     5 |     9 |    14 |     9 |    10 |     9 |    11 |    12 ||    79
 Stab: Sleeping          |     5 |     1 |     4 |     2 |     8 |       |     2 |     4 |     4 ||    30
       Distracted        |     1 |     1 |     2 |     5 |    15 |    18 |    16 |    13 |    25 ||    96
       Paralysed         |       |       |       |       |     2 |     5 |       |       |       ||     7
  Eat: Chunk             |     2 |     5 |     9 |    24 |    36 |    37 |    41 |    22 |     7 ||   183
       Ration            |     1 |       |     1 |       |     1 |     3 |     2 |     5 |     7 ||    20
Armor: Robe              |    16 |       |       |       |       |     4 |       |       |       ||    20
       Skin              |     3 |     1 |    23 |       |       |       |       |       |       ||    27
       Ring mail         |       |    22 |    35 |    86 |    31 |       |       |       |       ||   174
       Chain mail        |       |       |       |       |   357 |   720 |   402 |   255 |   141 ||  1875
Dodge: Dodged            |    51 |    27 |    56 |   234 |   463 |   670 |   407 |   303 |   232 ||  2443
       Deflected         |       |       |       |       |       |       |       |    15 |    35 ||    50
Block: Buckler           |       |    16 |    40 |   125 |   334 |   459 |   309 |   209 |    43 ||  1535
       Shield            |       |       |       |       |       |       |       |       |   230 ||   230
       Rpst.: Eudemon blade |       |       |       |       |       |       |       |     1 |       ||     1

Table legend:
 A = Spawn XP
 B = Non-spawn XP
 C = Spawn XP percentage of total XP
 D = Spawn monster count
 E = Non-spawn monster count
 F = Spawn count percentage of total count
 G = Total turns spent on level
                    A         B        C        D         E        F      G
               +---------+---------+-------+---------+---------+-------+---------
         Total |       0 | 1220629 |   0.0 |       0 |    1978 |   0.0 | 52991
               +---------+---------+-------+---------+---------+-------+---------
           D:1 |       0 |      30 |   0.0 |       0 |      13 |   0.0 |  1039
           D:2 |       0 |      43 |   0.0 |       0 |      15 |   0.0 |   723
           D:3 |       0 |     168 |   0.0 |       0 |      15 |   0.0 |  1340
           D:4 |       0 |    1130 |   0.0 |       0 |      20 |   0.0 |  1194
           D:5 |       0 |     181 |   0.0 |       0 |       5 |   0.0 |   978
           D:6 |       0 |     662 |   0.0 |       0 |      21 |   0.0 |  1150
           D:7 |       0 |     556 |   0.0 |       0 |       9 |   0.0 |  1267
           D:8 |       0 |    5577 |   0.0 |       0 |      33 |   0.0 |  1299
           D:9 |       0 |    1931 |   0.0 |       0 |      18 |   0.0 |  1518
          D:10 |       0 |    2581 |   0.0 |       0 |      35 |   0.0 |  1251
          D:11 |       0 |    6336 |   0.0 |       0 |      38 |   0.0 |   605
          D:12 |       0 |   10105 |   0.0 |       0 |      45 |   0.0 |   838
          D:13 |       0 |    3870 |   0.0 |       0 |      26 |   0.0 |   790
          D:14 |       0 |   16062 |   0.0 |       0 |      37 |   0.0 |   872
          D:15 |       0 |   12971 |   0.0 |       0 |      21 |   0.0 |   911
        Lair:1 |       0 |    3713 |   0.0 |       0 |      17 |   0.0 |  1742
        Lair:2 |       0 |    5110 |   0.0 |       0 |      22 |   0.0 |  1357
        Lair:3 |       0 |    4547 |   0.0 |       0 |      16 |   0.0 |  1196
        Lair:4 |       0 |    4913 |   0.0 |       0 |      22 |   0.0 |   750
        Lair:5 |       0 |    2700 |   0.0 |       0 |      10 |   0.0 |   718
        Lair:6 |       0 |   16496 |   0.0 |       0 |      49 |   0.0 |  1270
      Shoals:1 |       0 |   21487 |   0.0 |       0 |      37 |   0.0 |   748
      Shoals:2 |       0 |    9030 |   0.0 |       0 |      20 |   0.0 |   453
      Shoals:3 |       0 |   20901 |   0.0 |       0 |      41 |   0.0 |  1008
      Shoals:4 |       0 |   39398 |   0.0 |       0 |      67 |   0.0 |  1328
      Spider:1 |       0 |   12271 |   0.0 |       0 |      26 |   0.0 |   632
      Spider:2 |       0 |    5302 |   0.0 |       0 |      17 |   0.0 |   482
      Spider:3 |       0 |   15218 |   0.0 |       0 |      42 |   0.0 |   912
      Spider:4 |       0 |   47102 |   0.0 |       0 |      91 |   0.0 |  1730
       Slime:2 |       0 |    5613 |   0.0 |       0 |       5 |   0.0 |   104
       Slime:3 |       0 |    6476 |   0.0 |       0 |      11 |   0.0 |    73
       Slime:4 |       0 |    9331 |   0.0 |       0 |       7 |   0.0 |   381
       Slime:5 |       0 |   56418 |   0.0 |       0 |      45 |   0.0 |   664
         Orc:1 |       0 |    2738 |   0.0 |       0 |      17 |   0.0 |  1349
         Orc:2 |       0 |   15474 |   0.0 |       0 |      84 |   0.0 |  1873
         Elf:1 |       0 |   22753 |   0.0 |       0 |      39 |   0.0 |   886
         Elf:2 |       0 |   63928 |   0.0 |       0 |      81 |   0.0 |  1860
         Elf:3 |       0 |   56493 |   0.0 |       0 |      52 |   0.0 |  1039
      Vaults:1 |       0 |   46834 |   0.0 |       0 |      78 |   0.0 |  1688
      Vaults:2 |       0 |   69480 |   0.0 |       0 |     100 |   0.0 |  1362
      Vaults:3 |       0 |   68692 |   0.0 |       0 |      95 |   0.0 |  1905
      Vaults:4 |       0 |   50050 |   0.0 |       0 |      75 |   0.0 |   986
      Depths:1 |       0 |   23623 |   0.0 |       0 |      29 |   0.0 |   895
      Depths:2 |       0 |   63381 |   0.0 |       0 |      87 |   0.0 |  1250
      Depths:3 |       0 |  140869 |   0.0 |       0 |      85 |   0.0 |  1778
      Depths:4 |       0 |   49896 |   0.0 |       0 |      44 |   0.0 |   873
      Depths:5 |       0 |   55011 |   0.0 |       0 |      47 |   0.0 |   746
         Zot:1 |       0 |   11104 |   0.0 |       0 |       7 |   0.0 |   111
         Zot:2 |       0 |   21285 |   0.0 |       0 |      18 |   0.0 |   600
         Zot:3 |       0 |   29276 |   0.0 |       0 |      23 |   0.0 |   243
         Zot:5 |       0 |   16805 |   0.0 |       0 |       9 |   0.0 |   252
           Lab |       0 |    1269 |   0.0 |       0 |       1 |   0.0 |   261
        WizLab |       0 |   23613 |   0.0 |       0 |      38 |   0.0 |   814
    Desolation |       0 |   39826 |   0.0 |       0 |      73 |   0.0 |   869
               +---------+---------+-------+---------+---------+-------+---------
